Map: Rorschach LE

Players

IIIIIIIIIIII - Winner!

  • Race: Protoss Protoss
  • League: Master
  • Spawn Location: 5:00

FengLin

  • Race: Zerg Zerg
  • League: Diamond
  • Spawn Location: 7:00

VOD

Have the link to the VOD?

Description

Time

  • Played on: July 9, 2026, 6:12 a.m.
  • Length: 12:19
Show
View Real Time Build Order
Export as new Build Order

IIIIIIIIIIII Protoss - Winner!

Build Orders: 1 Gate Expand, Carriers 

Get SALT Encoding   

  8  0:00  Probe (Chrono Boost)  
  9  0:12  Probe (Chrono Boost)  
  10  0:19  Probe (Chrono Boost)  
  11  0:26  Probe  
  12  0:33  Pylon  
  12  0:39  Probe  
  13  0:51  Probe  
  14  0:58  Gateway  
  14  1:03  Probe (Chrono Boost)  
  15  1:14  Probe (Chrono Boost)  
  16  1:19  Probe (Chrono Boost)  
  17  1:39  Nexus  
  17  1:50  Cybernetics Core  
  17  1:53  Probe  
  18  2:00  Assimilator  
  18  2:03  Assimilator  
  18  2:06  Probe  
  19  2:14  Pylon  
  19  2:18  Probe  
  20  2:30  Probe  
  20  2:32  Adept (Chrono Boost)  
  23  2:42  Probe  
  24  2:54  Adept (Chrono Boost), Probe  
  24  2:57  Probe  
  28  3:09  Probe  
  28  3:10  Stargate, Probe  
  30  3:14  Gateway  
  30  3:22  Probe x2  
  32  3:34  Probe x2  
  33  3:38  Pylon  
  33  3:40  Protoss Air Weapons Level 1  
  34  3:46  Probe x2  
  36  3:52  Void Ray (Chrono Boost)  
  40  3:58  Probe  
  40  3:59  Probe  
  42  4:04  Shield Battery  
  42  4:07  Assimilator  
  42  4:10  Probe  
  42  4:11  Assimilator  
  42  4:12  Probe  
  44  4:22  Probe  
  45  4:25  Probe  
  45  4:27  Pylon  
  46  4:34  Probe  
  46  4:37  Probe  
  48  4:41  Stargate  
  48  4:46  Probe  
  48  4:50  Fleet Beacon  
  49  4:54  Probe, Pylon  
  49  4:58  Probe  
  49  4:59  Pylon  
  51  5:06  Probe  
  52  5:08  Pylon  
  52  5:09  Pylon  
  52  5:10  Probe  
  53  5:21  Probe  
  54  5:33  Carrier (Chrono Boost)  
  54  5:34  Carrier (Chrono Boost)  
  54  5:41  Probe x2  
  68  5:49  Warp Gate  
  68  5:53  Probe  
  68  5:56  Probe  
  70  6:03  Gateway  
  70  6:04  Zealot x2  
  74  6:06  Gateway  
  74  6:11  Forge  
  82  6:20  Mothership (Chrono Boost)  
  83  6:26  Probe (Chrono Boost)  
  83  6:33  Probe  
  84  6:49  Nexus  
  84  6:51  Pylon  
  84  6:53  Pylon, Carrier  
  90  6:54  Pylon  
  90  7:04  Pylon  
  90  7:09  Probe  
  91  7:21  Probe  
  92  7:24  Carrier  
  98  7:39  Zealot x4  
  106  7:52  Twilight Council, Protoss Ground Weapons Level 1  
  106  7:55  Carrier (Chrono Boost)  
  106  7:56  Gateway x2  
  112  8:25  Carrier (Chrono Boost)  
  112  8:27  Probe x2  
  112  8:30  Probe  
  121  8:39  Probe  
  122  8:47  Assimilator  
  122  8:49  Protoss Air Weapons Level 2  
  122  8:51  Assimilator  
  122  8:52  Carrier, Shield Battery  
  122  8:54  Shield Battery  
  128  8:58  Shield Battery  
  128  8:59  Photon Cannon  
  128  9:02  Photon Cannon  
  128  9:05  Templar Archives  
  128  9:29  Pylon  
  128  9:31  Pylon  
  128  9:33  Pylon  
  128  9:39  Pylon  
  128  9:47  Zealot x3, Probe  
  128  9:48  Carrier (Chrono Boost)  
  128  9:49  Zealot x3, Probe  
  128  9:51  Protoss Ground Weapons Level 2 (Chrono Boost)  
  128  9:52  Pylon  
  148  9:53  Pylon  
  148  9:55  Probe  
  148  9:59  Probe  
  150  10:01  Probe  
  150  10:03  High Templar x2  
  150  10:05  Zealot  
  157  10:20  Charge (Chrono Boost)  
  157  10:21  Probe  
  158  10:28  High Templar  
  158  10:29  High Templar  
  158  10:30  Zealot x4  
  170  10:45  Nexus, Archon  
  170  10:46  Zealot  
  170  10:47  Pylon  
  170  10:49  Pylon  
  172  10:50  Pylon  
  172  10:51  High Templar  
  174  10:57  Assimilator  
  174  11:00  Archon, Assimilator  
  174  11:05  High Templar x2  
  174  11:10  Zealot x3  
  184  11:15  Zealot  
  186  11:26  Zealot x2  
  186  11:27  Zealot  
  186  11:29  Zealot x2  
  186  11:31  Zealot  
  198  11:56  Zealot  
  200  12:03  Archon  
Show
View Real Time Build Order
Export as new Build Order

FengLin Zerg 

Build Orders: Hatch First 

Get SALT Encoding   

  8  0:00  Drone  
  9  0:10  Drone  
  10  0:22  Drone x2  
  12  0:32  Extractor  
  12  0:33  Drone  
  13  0:39  Overlord  
  13  1:05  Hatchery  
  13  1:08  Drone  
  13  1:13  Drone  
  13  1:17  Drone  
  15  1:21  Drone  
  16  1:28  Drone  
  17  1:42  Spawning Pool  
  17  1:43  Drone  
  17  1:49  Drone  
  18  1:59  Extractor  
  18  2:00  Drone  
  18  2:08  Drone  
  19  2:19  Hatchery  
  19  2:22  Drone  
  19  2:28  Queen  
  21  2:36  Zergling x4  
  23  2:39  Zergling x2  
  24  2:46  Overlord  
  24  3:04  Metabolic Boost, Queen  
  26  3:15  Queen  
  28  3:20  Drone  
  29  3:30  Drone  
  29  3:31  Drone x3  
  33  3:47  Queen  
  35  3:48  Overlord  
  35  3:54  Overlord  
  35  4:01  Lair  
  35  4:04  Drone  
  35  4:07  Drone  
  35  4:09  Drone  
  38  4:19  Drone x4  
  38  4:22  Drone  
  38  4:24  Drone  
  44  4:29  Extractor  
  44  4:31  Extractor  
  42  4:43  Drone x2  
  42  4:45  Overlord x2  
  44  4:57  Overlord x2  
  44  5:03  Queen  
  44  5:04  Spore Crawler  
  44  5:05  Spore Crawler  
  44  5:06  Drone  
  44  5:07  Drone x2  
  47  5:23  Hydralisk Den  
  47  5:25  Drone x3  
  47  5:26  Drone, Extractor  
  49  5:30  Spore Crawler  
  48  5:50  Drone x2  
  48  5:54  Overlord x2  
  48  5:55  Overlord  
  48  5:56  Drone x2  
  52  5:59  Grooved Spines  
  52  6:08  Spore Crawler  
  52  6:09  Overlord x2  
  52  6:10  Overlord  
  51  6:12  Drone x2  
  51  6:13  Baneling Nest  
  51  6:15  Drone  
  51  6:18  Drone x2  
  55  6:28  Overlord  
  55  6:34  Spire  
  55  6:36  Spore Crawler  
  53  6:44  Drone x2  
  53  6:45  Drone, Queen  
  58  6:49  Muscular Augments  
  58  6:56  Queen  
  60  7:02  Drone x2  
  60  7:03  Hydralisk x3  
  66  7:18  Hydralisk x4  
  74  7:25  Hydralisk x2  
  74  7:36  Spore Crawler  
  74  7:37  Spore Crawler  
  70  7:42  Hydralisk  
  70  7:43  Corruptor  
  70  7:45  Corruptor  
  70  8:05  Corruptor x3  
  67  8:15  Corruptor  
  69  8:28  Drone x5  
  69  8:30  Spawning Pool  
  69  8:32  Extractor  
  69  8:33  Extractor  
  71  8:49  Drone  
  71  8:50  Drone  
  71  8:52  Drone x12  
  71  8:54  Zerg Flyer Armor Level 1  
  85  8:58  Corruptor  
  87  9:10  Corruptor x2  
  87  9:12  Drone x2  
  93  9:22  Corruptor x2  
  95  9:33  Spore Crawler  
  95  9:35  Spore Crawler  
  93  9:40  Drone x2  
  93  9:43  Drone x7  
  102  9:51  Hatchery  
  101  9:58  Corruptor x3  
  107  10:08  Overlord x2  
  107  10:19  Queen, Infestation Pit  
  102  10:21  Spore Crawler  
  102  10:24  Corruptor x3  
  107  10:32  Queen  
  109  10:37  Corruptor  
  109  10:38  Corruptor x3  
  117  10:52  Spore Crawler x2  
  117  10:53  Spore Crawler  
  117  10:56  Hive  
  114  11:00  Queen  
  116  11:04  Corruptor  
  116  11:05  Corruptor x3  
  124  11:22  Queen x2  
  124  11:25  Overlord x3  
  116  11:50  Corruptor x7  
  116  11:52  Baneling  
  116  11:53  Baneling x4  
Tags
 
Add a new tag
Caveats
  • Supply blocks, unpowered buildings, or Contaminate may cause inaccurate times.
  • Supply counts are checked every 10 seconds.